 Dungeon Crawl Stone Soup version 0.30-a0-802-gb92711bcdf (webtiles) character file.

Game seed: 8067281992414801842

1975 jasper the Skirmisher (level 9, -15/44 HPs)
             Began as a Spriggan Hunter on Feb 24, 2023.
             Shot with an arrow by a centaur warrior (29 damage)
             ... on level 8 of the Dungeon.
             The game lasted 00:11:14 (5190 turns).

jasper the Skirmisher (Spriggan Hunter)             Turns: 5190, Time: 00:11:14

Health: -15/44     AC:  6    Str: 11    XL:     9   Next: 0%
Magic:  10/10      EV: 20    Int: 10    God:
Gold:   402        SH:  0    Dex: 19    Spells: 5/8 levels left

rFire   . . .      SeeInvis +    a - +1 shortbow
rCold   + . .      Faith    .    (shield currently unavailable)
rNeg    . . .      Spirit   .    c - +0 robe
rPois   .          Reflect  .    (helmet restricted)
rElec   .          Harm     .    (no cloak)
rCorr   .          Rampage  .    (gloves unavailable)
Will    +....                    (boots unavailable)
Stlth   ++                       h - amulet of magic regeneration
HPRegen 0.27/turn                s - +4 ring of protection
MPRegen 0.52/turn                m - ring of protection from cold

@: very quick
A: very small, no large weapons, unfitting armour, see invisible, speed 3
a: no special abilities


You were on level 8 of the Dungeon.
You visited 2 branches of the dungeon, and saw 10 of its levels.

You collected 402 gold pieces.

Inventory:

Hand Weapons
 a - a +1 shortbow (weapon)
Armour
 c - a +0 robe (worn)
Jewellery
 f - a ring of willpower
 g - a +6 ring of intelligence
 h - an amulet of magic regeneration (around neck)
 m - a ring of protection from cold (right hand)
 s - a +4 ring of protection (left hand)
Scrolls
 b - 2 scrolls of immolation
 q - a scroll of fog
Potions
 d - 2 potions of heal wounds
 e - 3 potions of curing
 i - a potion of haste
 k - 2 potions of ambrosia
 l - 3 potions of flight
 n - a potion of might
 p - a potion of attraction {unknown}
 t - 2 potions of mutation
 u - a potion of brilliance {unknown}


   Skills:
 + Level 3.0 Fighting
 * Level 11.0 Ranged Weapons
 + Level 5.0 Dodging
 - Level 1.5 Stealth
 + Level 4.4 Translocations


You had 5 spell levels left.
You knew the following spells:

 Your Spells              Type           Power      Damage    Failure   Level
a - Blink                 Tloc           16%        N/A       10%         2
b - Apportation           Tloc           16%        N/A       6%          1

Your spell library contained the following spells:

 Spells                   Type           Power      Damage    Failure   Level
 Lesser Beckoning         Tloc           16%        N/A       10%         2
 Momentum Strike          Conj/Tloc      8%         3d8       24%         2
 Necrotise                Necr           0%         1d4       36%         1
 Sting                    Tmut/Pois      0%         1d3       36%         1
 Summon Small Mammal      Summ           0%         N/A       36%         1
 Poisonous Vapours        Pois/Air       0%         N/A       50%         2
 Passage of Golubria      Tloc           8%         N/A       54%         4
 Olgreb's Toxic Radiance  Pois           0%         N/A       98%         4
 Silence                  Hex/Air        0%         N/A       100%        5
 Lehudib's Crystal Spear  Conj/Erth      0%         10d2      100%        8


Dungeon Overview and Level Annotations

Branches:
Dungeon (9/15)             Temple (1/1) D:6
   Lair: D:8-11         Orc: D:9-12

Altars:
Ashenzari
Cheibriados
Dithmenos
Elyvilon
Fedhas
Gozag
Hepliaklqana
Kikubaaqudgha
Makhleb
Nemelex Xobeh
Qazlal
Ru
Sif Muna
Trog
Uskayaw
Vehumet
Xom
Yredelemnul
Zin
The Shining One

Shops:
D:7 (   D:9 =

Annotations:
D:3 2 transporters, oldplebian's ghost, amateur MiBe
D:5 1 runed translucent door, exclusion: water moccasin, jasper's ghost, novice DsSu


Innate Abilities, Weirdness & Mutations

You are very small and have problems with some larger weapons.
You are too small for most types of armour.
You have supernaturally acute eyesight. (SInv)
You cover ground extremely quickly. (Speed+++)


Message History

The vampire mosquito completely misses you.
The centaur warrior hits you!
The centaur warrior kicks you but does no damage.
The vampire mosquito misses you.
You take 8 damage, and have 30/44 hp.
Fire: a) +1 shortbow
Press: ? - help, Q - select action, (/) - cycle Shift-Dir - straight line, f/p - centaur warrior
Aim: a centaur warrior (lightly wounded, 74% to hit)
You shoot an arrow.
The arrow hits the centaur warrior but does no damage.
The centaur warrior is lightly wounded.
The vampire mosquito completely misses you.
The centaur warrior hits you! The centaur warrior closely misses you.
The vampire mosquito completely misses you.
You take 12 damage, and have 18/44 hp.
MASSIVE DAMAGE!!
Fire: a) +1 shortbow
Press: ? - help, Q - select action, (/) - cycle Shift-Dir - straight line, f/p - centaur warrior
Aim: a centaur warrior (lightly wounded, 74% to hit)
You shoot an arrow.
The arrow barely misses the centaur warrior.
The centaur warrior closely misses you. The centaur warrior kicks you.
The vampire mosquito misses you. The centaur warrior hits you.
* * * LOW HITPOINT WARNING * * *
The centaur warrior completely misses you.
You take 5 damage, and have 13/44 hp.
Okay, then.
Okay, then.
The vampire mosquito bites you but does no damage.
The vampire mosquito attacks as you move away!
The vampire mosquito completely misses you.
The centaur warrior wields a +0 longbow.
The centaur warrior shoots an arrow.
The arrow misses you.
Really walk into that dispersal trap?
You enter a dispersal trap!
The vampire mosquito blinks!
You blink.
Really read the scroll of poison?
The air fills with toxic fumes!
As you read the scroll of poison, it crumbles to dust.
The centaur warrior shoots an arrow.
The arrow hits you!!
Ouch! That really hurt!
You die...

..# #§§ #.# §§
#.# §§ #.# #§
#.# #§####§#
#§§§§§§#####.#
#§§§§§#......#
#§@§§c#§.#...#
#§§§§§§§§# .#
.§§§§§§§§§##
##§§§§§§§§#
#§§#§#y§##
.§§§.§§§.#
##§§.§§.##
§§§.§§§#
.#....#


You could see a centaur warrior and a vampire mosquito.

Vanquished Creatures
  A komodo dragon (D:6)
  A basilisk (D:9)
  2 steam dragons (D:6)
  A water moccasin (D:6)
  3 ice beasts (D:7)
  An ogre (D:6)
  A centaur (D:9)
  A phantom (D:5)
  A kobold brigand (D:7)
  2 bullfrogs
  3 killer bees (D:9)
  2 howler monkeys
  A hound (D:7)
  2 jellies
  An orc priest (D:6)
  An iguana (D:6)
  A gnoll (D:9)
  5 adders
  A white imp (D:7)
  An ufetubus (D:6)
  2 worms
  5 dart slugs
  11 orcs
  5 endoplasms
  5 giant cockroaches
  6 goblins
  9 hobgoblins
  6 jackals
  9 kobolds
  4 quokkas
  4 ball pythons
  4 bats
  3 frilled lizards
  7 rats
112 creatures vanquished.

Vanquished Creatures (others)
  A bullfrog (D:7)
  3 fungi (D:9)
  21 plants
25 creatures vanquished.

Grand Total: 137 creatures vanquished

Notes
Turn   | Place    | Note
-------+----------+-------------------------------------------
     0 | D:1      | jasper the Spriggan Hunter began the quest for the Orb.
     0 | D:1      | Reached XP level 1. HP: 10/10 MP: 2/2
    77 | D:1      | Reached XP level 2. HP: 14/14 MP: 3/3
   840 | D:2      | Reached skill level 5 in Ranged Weapons
   840 | D:2      | Reached XP level 3. HP: 16/18 MP: 4/4
  1651 | D:3      | Reached XP level 4. HP: 22/22 MP: 5/5
  1711 | D:3      | Noticed an ogre
  1712 | D:3      | Found a transporter.
  1713 | D:3      | Noticed oldplebian's ghost (amateur MiBe)
  1731 | D:3      | Found a transporter.
  1733 | D:3      | Noticed an ogre
  1754 | D:3      | Found a hide-covered altar of Uskayaw.
  1979 | D:4      | Reached skill level 6 in Ranged Weapons
  2333 | D:4      | Learned a level 2 spell: Blink
  2459 | D:5      | Entered Level 5 of the Dungeon
  2488 | D:5      | Noticed a phantom
  2500 | D:5      | Killed a phantom
  2501 | D:5      | Reached XP level 5. HP: 19/25 MP: 6/6
  2638 | D:5      | Found a sacrificial altar of Ru.
  2648 | D:5      | Noticed a water moccasin
  2729 | D:5      | Found a runed translucent door.
  2730 | D:5      | Noticed jasper's ghost (novice DsSu)
  2781 | D:5      | Found a basalt altar of Yredelemnul.
  2785 | D:5      | Found a sparkling altar of Nemelex Xobeh.
  2790 | D:5      | Found a broken altar of Ashenzari.
  3006 | D:5      | Reached skill level 7 in Ranged Weapons
  3055 | D:6      | Noticed a steam dragon
  3078 | D:6      | Reached XP level 6. HP: 19/30 MP: 7/7
  3080 | D:6      | Killed a steam dragon
  3081 | D:6      | Reached skill level 8 in Ranged Weapons
  3162 | D:6      | Reached XP level 7. HP: 33/33 MP: 8/8
  3216 | D:6      | Found an opulent altar of Gozag.
  3221 | D:6      | Learned a level 1 spell: Apportation
  3312 | D:6      | Found a staircase to the Ecumenical Temple.
  3323 | Temple   | Entered the Ecumenical Temple
  3648 | D:6      | Reached skill level 9 in Ranged Weapons
  3849 | D:6      | Noticed a komodo dragon
  3952 | D:6      | Killed a komodo dragon
  3953 | D:6      | Reached skill level 10 in Ranged Weapons
  4026 | D:7      | Reached skill level 1 in Translocations
  4026 | D:7      | Reached XP level 8. HP: 34/38 MP: 9/9
  4246 | D:7      | Found Gyugu's Antique Weapon Boutique.
  4891 | D:7      | You fall into a shaft and drop 2 floors!
  4891 | D:9      | Found a white marble altar of Elyvilon.
  4982 | D:9      | Reached skill level 11 in Ranged Weapons
  4982 | D:9      | Reached skill level 5 in Dodging
  5077 | D:9      | Found Veluaq's Jewellery Shoppe.
  5093 | D:9      | Reached XP level 9. HP: 44/44 MP: 10/10
  5177 | D:8      | Noticed a centaur warrior
  5190 | D:8      | Shot with an arrow by a centaur warrior

Illustrated notes

Levels and vault maps discovered:
D:1:      psy_arrival_radial01, layout_basic
D:2:      layout_basic
D:3:      layout_rooms, mainiacjoe_overflow_alcove_1, gammafunk_ghost_smash
D:4:      layout_rooms, kennysheep_generic_room_15
D:5:      layout_basic, grunt_temple_overflow_diamond,
          mainiacjoe_overflow_paths, ebering_ghost_reflecting_pool,
          uniq_prince_ribbit1
D:6:      layout_rooms, nicolae_gozag_seed_capital,
          minmay_temple_entry_gardened_gates
D:7:      minmay_the_grid_triangle_9x9_rhombus_full
          [minmay_the_grid_triangle_9x9_corruption,
          minmay_the_grid_triangle_9x9_alien,
          minmay_the_grid_triangle_9x9_from_above,
          minmay_the_grid_triangle_9x9_zippers_vertical,
          minmay_the_grid_triangle_9x9_wacky_v,
          minmay_the_grid_triangle_9x9_shrine,
          minmay_the_grid_triangle_9x9_negative_grid,
          minmay_the_grid_triangle_9x9_prize_center], layout_rooms,
          kennysheep_okawaru_gauntlet, serial_shops, nicolae_square_shop
D:8:      minmay_diamond_stairs, layout_loops_cross, serial_shops,
          nicolae_shop_hallway_plus, hangedman_decor_slide_cut,
          minmay_hedge_maze
D:9:      layout_cross, mainiacjoe_overflow_concentric_impassable,
          mainiacjoe_overflow_surrounded_room, minmay_lair_entry_grove,
          serial_shops, kennysheep_mini_moat
Temple:   compressed_dpeg_triangle_lava_temple

Skill      XL: |  1  2  3  4  5  6  7  8 |
---------------+-------------------------+-----
Ranged Weapons | 5 6 7 8 10 11 | 11.0
Dodging        | 3 5 |  5.0
Translocations | 1 4 |  4.4
Fighting       | 3 |  3.0
Stealth        | |  1.5

Action                     |  1- 3 |  4- 6 |  7- 9 || total
---------------------------+-------+-------+-------++-------
   Fire: Shortbow          |   106 |    99 |   239 ||   444
    Use: Scroll            |     4 |    10 |     4 ||    18
         Potion            |     1 |       |     1 ||     2
 Armour: Robe              |     1 |     6 |    23 ||    30
         Skin              |       |       |    93 ||    93
  Dodge: Dodged            |    24 |    31 |   120 ||   175

Table legend: (Time is in decaauts)
 A = Elapsed time spent in this place.
 B = Non-inter-level travel time spent in this place.
 C = Inter-level travel time spent in this place.
 D = Time resting spent in this place.
 E = Time spent auto-exploring this place.
 F = Levels seen in this place.
 G = Mean time per level.
                   A        B        C        D        E       F      G
               +--------+--------+--------+--------+--------+-----+--------+
         Total |   3782 |   3640 |    142 |    569 |   2227 |  10 |  378.2 |
       Dungeon |   3599 |   3464 |    135 |    569 |   2058 |   9 |  399.9 |
        Temple |    183 |    176 |      7 |      0 |    169 |   1 |  183.0 |
               +--------+--------+--------+--------+--------+-----+--------+

Top non-repeatable levels by time:
     D:6: 780 daAuts
     D:1: 601 daAuts
     D:2: 481 daAuts
     D:7: 453 daAuts
     D:5: 366 daAuts
     D:4: 363 daAuts
     D:3: 295 daAuts
     D:9: 247 daAuts
  Temple: 183 daAuts
     D:8: 10 daAuts
